 Dungeon Crawl Stone Soup version 0.30.1-9-gdf580d7c3d (webtiles) character file.

Game seed: 13782954404401290642

10906 lonewolfV2 the Severer (level 11, -11/99 HPs)
             Began as a Minotaur Fighter on Sept 28, 2023.
             Mangled by a sun demon (23 damage)
             ... on level 11 of the Dungeon.
             The game lasted 00:16:09 (11116 turns).

lonewolfV2 the Severer (Minotaur Fighter)          Turns: 11116, Time: 00:16:10

Health: -11/99     AC:  8    Str: 28    XL:     11   Next: 42%
Magic:  10/10      EV: 12    Int:  5    God:
Gold:   784        SH:  7    Dex: 19    Spells: 10/10 levels left

rFire   . . .        g - +13 consecrated labrys {holy, Valiant Fragile Fly SInv}
rCold   . . .        c - +1 buckler
rNeg    . . .        b - +0 scale mail
rPois   .            (helmet restricted)
rElec   .            (no cloak)
rCorr   .            (no gloves)
SInv    +            (no boots)
Will    .....        (no amulet)
Stlth   +            C - +6 ring of strength
HPRegen 0.36/turn    q - +6 ring of dexterity
MPRegen 0.12/turn

%: no passive effects
@: flying
A: horns 2, retaliatory headbutt
a: no special abilities


You were on level 11 of the Dungeon.
You visited 1 branch of the dungeon, and saw 11 of its levels.
You also visited: Ossuary.

You collected 784 gold pieces.

Inventory:

Hand Weapons
 a - a +0 war axe of flaming
 g - the +13 consecrated labrys (weapon) {holy, Valiant Fragile Fly SInv}
   (You acquired it on level 4 of the Dungeon)

   Valiant:   It becomes more powerful as more dangerous foes come into view.
   SInv:      It lets you see invisible.
   Fly:       It grants you flight.
   Fragile:   It will be destroyed if unequipped.
 l - the +4 trident "Roink" {spect, rF+ rN++ Dex-3 Stlth+}
   (You found it on level 6 of the Dungeon)

   Dex:       It affects your dexterity (-3).
   rF:        It protects you from fire.
   rN:        It greatly protects you from negative energy.
   Stlth:     It makes you more stealthy.
 s - the +7 flail of Qilev {flame, Fragile rElec rF++ Str+3}
   (You found it on level 5 of the Dungeon)

   Str:       It affects your strength (+3).
   rF:        It greatly protects you from fire.
   rElec:     It insulates you from electricity.
   Fragile:   It will be destroyed if unequipped.
Missiles
 o - a throwing net (quivered)
Armour
 b - a +0 scale mail (worn)
 c - a +1 buckler (worn)
Jewellery
 j - a ring of ice
 q - a +6 ring of dexterity (right hand)
 v - the ring "Ankyxt" {rF+ rC+ Str+2}
   (You found it on level 7 of the Dungeon)

   [ring of protection from fire]

   Str:       It affects your strength (+2).
   rF:        It protects you from fire.
   rC:        It protects you from cold.
 w - a ring of positive energy
 y - a +6 ring of intelligence
 C - a +6 ring of strength (left hand)
 D - a ring of magical power
Wands
 p - a wand of flame (16)
 t - a wand of paralysis (13)
 x - a wand of light (6)
Scrolls
 e - 10 scrolls of teleportation
 h - a scroll of fear
 A - 2 scrolls of magic mapping
Potions
 d - 5 potions of might
 f - 3 potions of brilliance
 i - a potion of curing
 k - 2 potions of haste
 m - a potion of cancellation
 n - 3 potions of mutation
 r - a potion of ambrosia
 u - 2 potions of attraction
 z - 2 potions of magic
 B - a potion of lignification {unknown}


   Skills:
 + Level 10.0 Fighting
 + Level 15.0 Axes
 + Level 10.2 Armour
 + Level 3.8 Dodging
 + Level 2.4 Stealth
 + Level 7.1 Shields


You had 10 spell levels left.
You didn't know any spells.
Your spell library contained the following spells:

 Spells                   Type           Power      Damage    Failure   Level
 Magic Dart               Conj           0%         1d3       75%         1
 Shock                    Conj/Air       0%         1d3       75%         1
 Call Imp                 Summ           0%         N/A       86%         2
 Mephitic Cloud           Conj/Pois/Air  0%         N/A       98%         3
 Swiftness                Air            0%         N/A       98%         3
 Airstrike                Air            0%         2d(0-16)  100%        4
 Leda's Liquefaction      Hex/Erth       0%         N/A       100%        4
 Lee's Rapid Deconstruct  Erth           0%         3d4*      100%        5
 Statue Form              Tmut/Erth      0%         N/A       100%        6


Dungeon Overview and Level Annotations

Branches:
Dungeon (11/15)            Temple (0/1) D:5             Orc (0/2) D:9
Ossuary (visited)
   Lair: D:8-11

Altars:
Dithmenos
Fedhas
Hepliaklqana
Okawaru
Trog
Zin

Shops:
D:1 (   D:2 =   D:5 *   D:9 :?

Annotations:
D:8 2 transporters, SirLogeyBear's ghost, novice HOBe


Innate Abilities, Weirdness & Mutations

You have a pair of horns on your head.
You reflexively headbutt those who attack you in melee.


Message History

Gastronok barely misses you.
You slice Gastronok!! You headbutt Gastronok!
Gastronok is heavily wounded.
You slash Gastronok! You headbutt Gastronok!
Gastronok is severely wounded.
Gastronok waves his eye-stalks in wide circles.
The air twists around and strikes you!
You slice Gastronok!!
Gastronok is almost dead.
Gastronok bites you!!
You slash Gastronok!
Gastronok is almost dead.
You cut Gastronok into ribbons!!!
You kill Gastronok!
Your Fighting skill increases to level 10!
Your Axes skill increases to level 15!
Your Shields skill increases to level 7!
Things that are here:
a +0 hat of stealth; the elephant slug corpse of Gastronok You feel yourself speed up.
Key pressed, stopping explore.
HP restored.
Found a mace.
A sun demon comes into view.
A sun demon is nearby!
A sun demon is nearby!
A sun demon is nearby!
The sun demon shouts!
The sun demon hits you!!
You are engulfed in flames!
The sun demon hits you!!
You are engulfed in flames!
* * * LOW HITPOINT WARNING * * *
You slice the sun demon!!
The sun demon convulses!!
Your headbutt misses the sun demon.
The sun demon is almost dead.
The sun demon hits you.
* * * LOW HITPOINT WARNING * * *
You are engulfed in flames!
* * * LOW HITPOINT WARNING * * *
You feel better. The sun demon hits you!!
You die...

.........~~ ........~≈~
#. .........~~ #..
#.........~ #...
#.....##..P ###....
..##.## ### ###.......
....## ###.........
.##.# ####...3..)....
.##.## ###......@.....♣
.....###........#####...
.P≈≈......####### ...
.P≈≈P..#### #.. .....#.#
... .#####.# #### #.#
#......# ###..###.#
#......# ##.....##.##
...∩.)## #.......#..##


You could see a sun demon.

Vanquished Creatures
  Gastronok (D:11)
  Harold (D:11)
  A centaur warrior (D:10)
  A cyclops (D:11)
  A manticore (D:7)
  Maurice (D:11)
  A smoke demon (D:11)
  A kobold demonologist (D:10)
  An ice devil (D:11)
  A wraith (D:9)
  9 yaks
  A chaos spawn (D:11)
  A steam dragon (D:8)
  Duvessa (D:7)
  A water moccasin (D:8)
  3 orc warriors
  A swamp drake (D:9)
  3 ice beasts
  2 sky beasts (D:7)
  4 black bears
  2 ogres
  A centaur (D:9)
  4 kobold brigands
  4 phantoms
  2 elf skeletons (D:8)
  An elf zombie (D:8)
  Blork the orc (D:6)
  2 bullfrogs
  2 gnoll sergeants
  A scorpion (D:4)
  8 wights
  Dowan (D:7)
  4 killer bees (D:7)
  12 howler monkeys
  A crimson imp (D:4)
  A quasit (D:11)
  5 hounds
  3 orc priests
  4 jellies
  3 iguanas
  7 orc wizards
  3 sleepcaps
  8 mummies (Ossuary)
  13 adders
  7 gnolls
  2 shadow imps
  2 white imps
  2 worms (D:3)
  2 dart slugs
  44 orcs
  11 ball pythons
  7 endoplasms
  3 giant cockroaches
  6 goblins
  9 hobgoblins
  9 jackals
  5 quokkas
  6 bats
  2 gnoll zombies (Ossuary)
  2 hobgoblin zombies (Ossuary)
  27 kobolds
  2 kobold zombies (Ossuary)
  2 orc skeletons (D:8)
  3 orc zombies
  9 rats
291 creatures vanquished.

Vanquished Creatures (collateral kills)
  A sleepcap (D:6)
1 creature vanquished.

Vanquished Creatures (others)
  A wizard (D:5)
1 creature vanquished.

Grand Total: 293 creatures vanquished

Notes
Turn   | Place    | Note
-------+----------+-------------------------------------------
     0 | D:1      | lonewolfV2 the Minotaur Fighter began the quest for the
                  | Orb.
     0 | D:1      | Reached XP level 1. HP: 19/19 MP: 0/0
    48 | D:1      | Reached XP level 2. HP: 27/27 MP: 1/1
   242 | D:1      | Found Ciag's Antique Weapon Shoppe.
   338 | D:1      | Reached skill level 3 in Axes
   430 | D:1      | Reached XP level 3. HP: 27/33 MP: 2/2
   709 | D:2      | Found Rabbos's Jewellery Shop.
   728 | D:2      | Found a glowing silver altar of Zin.
   761 | D:2      | Reached XP level 4. HP: 35/40 MP: 3/3
  1178 | D:3      | Found a hazy altar of Hepliaklqana.
  1243 | D:3      | Reached skill level 4 in Axes
  1335 | D:3      | Reached XP level 5. HP: 46/46 MP: 4/4
  2008 | D:3      | Found a glowing silver altar of Zin.
  2008 | D:3      | Found a shadowy altar of Dithmenos.
  2045 | D:3      | Reached skill level 5 in Axes
  2106 | D:4      | Identified a scroll of acquirement
  2106 | D:4      | Acquired the +4 consecrated labrys {holy, Valiant Fragile
                  | Fly SInv}
  2106 | D:4      | Found the +4 consecrated labrys {holy, Valiant Fragile Fly
                  | SInv}
  2115 | D:4      | Reached skill level 5 in Armour
  2115 | D:4      | Reached skill level 1 in Dodging
  2118 | D:4      | Reached XP level 6. HP: 53/53 MP: 5/5
  2220 | D:4      | Reached skill level 6 in Axes
  2654 | D:4      | Reached XP level 7. HP: 60/60 MP: 6/6
  3016 | D:5      | Entered Level 5 of the Dungeon
  3024 | D:5      | Reached skill level 5 in Fighting
  3027 | D:5      | Reached skill level 7 in Axes
  3104 | D:5      | Found Xedych's General Store.
  3181 | D:5      | Identified the +7 flail of Qilev {flame, Fragile rElec rF++
                  | Str+3}
  3627 | D:5      | Reached skill level 8 in Axes
  3674 | D:5      | Found a blossoming altar of Fedhas.
  3714 | D:5      | Reached XP level 8. HP: 62/70 MP: 7/7
  3834 | D:5      | Reached skill level 9 in Axes
  3834 | D:5      | Reached skill level 1 in Stealth
  3845 | D:5      | Found a staircase to the Ecumenical Temple.
  4134 | D:5      | Found a bloodstained altar of Trog.
  4135 | D:5      | Noticed a wizard
  4140 | D:5      | Killed a wizard
  4590 | D:6      | Identified the +4 trident "Roink" {spect, rF+ rN++ Dex-3
                  | Stlth+}
  4775 | D:6      | Noticed Blork the orc
  4784 | D:6      | Killed Blork the orc
  4785 | D:6      | Reached skill level 5 in Shields
  4930 | D:6      | Reached skill level 10 in Axes
  5048 | D:6      | Reached XP level 9. HP: 71/78 MP: 8/8
  5486 | D:7      | Reached skill level 11 in Axes
  5612 | D:7      | Noticed a manticore
  5617 | D:7      | Killed a manticore
  5799 | D:7      | Noticed Dowan
  5799 | D:7      | Noticed Duvessa
  5810 | D:7      | Reached skill level 12 in Axes
  5812 | D:7      | Killed Duvessa
  5812 | D:7      | Killed Dowan
  6099 | D:7      | Identified the ring "Ankyxt" {rF+ rC+ Str+2}
  6197 | D:8      | Reached XP level 10. HP: 62/88 MP: 9/9
  6377 | D:8      | Found a transporter.
  6381 | D:8      | Found a transporter.
  6382 | D:8      | Noticed SirLogeyBear's ghost (novice HOBe)
  6904 | D:8      | Found a sand-covered staircase.
  6911 | Ossuary  | Entered an ossuary
  7132 | D:8      | Reached skill level 13 in Axes
  7720 | D:9      | Found Ybiu's Vocational Training.
  7910 | D:9      | Found an iron altar of Okawaru.
  8039 | D:9      | Found Buanam's Magic Scroll Boutique.
  8257 | D:9      | Found a staircase to the Orcish Mines.
  8605 | D:9      | Reached skill level 14 in Axes
  8970 | D:10     | Entered Level 10 of the Dungeon
  8984 | D:10     | Noticed a centaur warrior
  9373 | D:10     | HP: 3/91 [centaur warrior/arrow (16)]
  9769 | D:10     | Killed a centaur warrior
  9770 | D:10     | Reached XP level 11. HP: 54/97 MP: 10/10
 10106 | D:10     | You are sucked into a shaft and drop 1 floor!
 10147 | D:11     | Noticed Maurice
 10159 | D:11     | Killed Maurice
 10181 | D:11     | Noticed Harold
 10197 | D:11     | HP: 3/95 [Harold/+2 trident of flaming (3)]
 10199 | D:11     | Killed Harold
 10652 | D:11     | Reached skill level 10 in Armour
 10888 | D:11     | Noticed Gastronok
 10900 | D:11     | Killed Gastronok
 10901 | D:11     | Reached skill level 10 in Fighting
 10901 | D:11     | Reached skill level 15 in Axes
 11110 | D:11     | Noticed a sun demon
 11115 | D:11     | HP: 1/99 [sun demon (17)]
 11116 | D:11     | Mangled by a sun demon

Illustrated notes

Levels and vault maps discovered:
D:1:      spicycebolla_green_bress_n_ham, layout_rooms, serial_shops,
          nicolae_shop_crystal
D:2:      layout_rooms, basic_altar, serial_shops, nicolae_shop_gaudy_bauble,
          dk_noncrumbling_3, minmay_between
D:3:      layout_loops_ring, mainiacjoe_overflow_concentric_impassable,
          minitemple
D:4:      layout_basic, minmay_fire_ice_demons
D:5:      layout_layer_cave, trog_wizard, fedhas_altar_1,
          minmay_temple_entry_from_below_a, serial_shops,
          nicolae_shop_advertising_works [nicolae_subvault_shop_adworks],
          minmay_circle_x
D:6:      layout_basic, uniq_blork_the_orc
D:7:      layout_rooms, uniq_duvessa
D:8:      layout_basic, nicolae_ossuary_entry_catacombs, gammafunk_ghost_hive
D:9:      layout_grid_maze, mainiacjoe_overflow_brackets, erik_orc_1,
          serial_shops, nicolae_shop_waterfront, nicolae_shop_vocational
D:10:     layout_gridville, grunt_temple_overflow_magic_moments,
          nemelex_xobeh_ov_fountains_minmay, lair_entry_dummy,
          hangedman_decor_riveting
D:11:     layout_cave_pods, serial_demonic, serial_demonic_c, serial_demonic_d,
          serial_demonic_g, serial_demonic_f, uniq_maurice, uniq_harold,
          uniq_amaemon, uniq_gastronok

Skill      XL: |  1  2  3  4  5  6  7  8  9 10 11 |
---------------+----------------------------------+-----
Shields        | 4 5 6 7 |  7.1
Axes           | 3 4 5 6 8 10 12 14 15 | 15.0
Fighting       | 4 5 6 7 9 10 | 10.0
Armour         | 4 5 6 7 8 9 10 | 10.2
Dodging        | 1 2 3 |  3.8
Stealth        | 1 2 |  2.4

Action                     |  1- 3 |  4- 6 |  7- 9 | 10-12 || total
---------------------------+-------+-------+-------+-------++-------
  Melee: War axe           |    86 |    73 |       |       ||   159
         Headbutt          |     6 |     8 |    33 |    36 ||    83
         Labrys            |       |    22 |   184 |   189 ||   395
    Use: Scroll            |       |     9 |     7 |     5 ||    21
         Potion            |       |       |       |     4 ||     4
 Armour: Scale mail        |    63 |    41 |    70 |    42 ||   216
  Dodge: Dodged            |    61 |    55 |   101 |    82 ||   299
  Block: Buckler           |    26 |    24 |    43 |    72 ||   165
